 Dungeon Crawl Stone Soup version 0.28-a0-1493-g08698888e4 (webtiles) character file.

Game seed: 12624571797177980184

9597 Zonian the Nimble (level 11, 0/65 HPs)
             Began as a Djinni Ice Elementalist on Jan 13, 2022.
             Was a Priest of Ashenzari.
             Killed from afar by a white imp (13 damage)
             ... with a puff of frost
             ... on level 1 of the Lair of Beasts.
             The game lasted 00:48:40 (14098 turns).

Zonian the Nimble (Djinni Ice Elementalist)        Turns: 14098, Time: 00:48:41

Health: 0/65       AC:  6    Str:  7    XL:     11   Next: 77%
Gold:   177        EV: 20    Int: 22    God:    Ashenzari [***...] SH:  0 Dex: 19

rFire   + + .      SeeInvis +   y - +2 short sword (drain)
rCold   x . .      Faith    .   (no shield)
rNeg    . . .      Spirit   .   a - +0 robe
rPois   ∞          Reflect  .   o - +0 helmet of Supernal Understanding {Self, Cun} (curse)
rElec   .          Harm     .   e - +2 cloak of the Celestial Doubts {Fort, Evo} (curse)
rCorr   .          Rampage  .   (no gloves)
Will    +....      Clarity  +   (boots unavailable)
Stlth   +++++.....              c - amulet "Planets of the Sky" {Regen+, Melee, Range} (curse)
HPRegen 1.00/turn               E - ring "Enlightened Omen" {Dex+6, Range, Melee} (curse)
MPRegen 0.00/turn               (no ring)

@: about to teleport, flying
A: sickness immunity, fire resistance 2, cold vulnerability 1, float, innate
caster, hp casting, extra vitality 1
a: Renounce Religion, Curse Item, Shatter the Chains


You were on level 1 of the Lair of Beasts.
You worshipped Ashenzari.
Ashenzari was most pleased with you.
You visited 2 branches of the dungeon, and saw 9 of its levels.
You also visited: Sewer.

You collected 727 gold pieces.
You spent 550 gold pieces at shops.

Inventory:

Hand Weapons
 d - a +0 mace
 i - a +0 dagger
 k - a +2 whip of freezing
 m - a +0 vampiric rapier
 v - a +3 vampiric whip
 y - a +2 short sword of draining (weapon)
 D - a +0 dagger of venom
 H - a +2 scimitar of flaming
Missiles
 g - 42 poisoned darts
 x - 161 stones
Armour
 a - a +0 robe (worn)
 e - the cursed +2 cloak of the Celestial Doubts (worn) {Fort, Evo}
   (You found it on level 2 of the Dungeon)

   It has a curse which improves the following skills: Fortitude: Armour and
   Shields.
   Evocations: Evocations.
 j - the +1 leather armour "Jecuats" {Str-5 Int+3 Dex+2}
   (You found it on level 2 of the Dungeon)

   Str:       It affects your strength (-5).
   Int:       It affects your intelligence (+3).
   Dex:       It affects your dexterity (+2).
 o - the cursed +0 helmet of Supernal Understanding (worn) {Self, Cun}
   (You found it in a sewer)

   It has a curse which improves the following skills: Introspection: Fighting
   and Spellcasting.
   Cunning:   Dodging and Stealth.
Magical Staves
 s - a staff of cold
Jewellery
 c - the cursed amulet "Planets of the Sky" (around neck) {Regen+, Melee, Range}
   (You found it on level 2 of the Dungeon)

   [amulet of regeneration]

   Regen:     It increases your rate of health regeneration.
   It has a curse which improves the following skills: Melee Combat: Short
   Blades, Long Blades, Axes, Maces & Flails, Polearms, Staves and Unarmed
   Combat.
   Ranged Combat: Slings, Bows, Crossbows and Throwing.
 u - a ring of fire
 E - the cursed ring "Enlightened Omen" (left hand) {Dex+6, Range, Melee}
   (You found it on level 8 of the Dungeon)

   [ring of dexterity]

   Dex:       It affects your dexterity (+6).
   It has a curse which improves the following skills: Ranged Combat: Slings,
   Bows, Crossbows and Throwing.
   Melee Combat: Short Blades, Long Blades, Axes, Maces & Flails, Polearms,
   Staves and Unarmed Combat.
Wands
 B - a wand of flame (26)
 G - a wand of digging (5)
 I - a wand of mindburst (6)
 J - a wand of acid (4)
Scrolls
 f - 7 scrolls of teleportation
 p - 2 scrolls of enchant armour
 r - a scroll of blinking
 t - a scroll of fog
 C - a scroll of magic mapping
 F - a scroll of summoning
Potions
 b - a potion of ambrosia
 h - 4 potions of might
 l - a potion of berserk rage
 n - a potion of cancellation
 q - 2 potions of lignification
 w - a potion of haste
 z - a potion of mutation
 A - a potion of brilliance


   Skills:
 + Level 6.6(9.1) Short Blades
 - Level 1.2(2.7) Maces & Flails
 + Level 10.1(11.7) Dodging
 + Level 8.4(10.0) Stealth
 + Level 7.7(9.3) Spellcasting
 + Level 3.8(5.3) Evocations


You had 4 spell levels left.
You knew the following spells:

 Your Spells              Type           Power      Damage    Failure   Level
a - Freeze                Ice            100%       1d11      1%          1
b - Frozen Ramparts       Ice            100%       1d12      1%          3
c - Ozocubu's Armour      Ice            51%        N/A       1%          3
d - Hailstorm             Conj/Ice       51%        3d11      1%          4
e - Sandblast             Erth           100%       2d20      1%          1
f - Poisonous Vapours     Pois/Air       100%       N/A       1%          2
g - Corpse Rot            Necr/Air       100%       N/A       1%          2
h - Stone Arrow           Conj/Erth      100%       3d13      1%          3
i - Lee's Rapid Deconstr  Erth           25%        3d15*     3%          5
Your spell library was empty.

Dungeon Overview and Level Annotations

Branches:
Dungeon (8/15)             Temple (0/1) D:6            Lair (1/6) D:8
  Sewer (visited)

Altars:
Ashenzari

Shops:
D:8 ?*((

Annotations:
D:5 2 runed translucent doors, riojii's ghost, novice DjFE
D:6 3 runed translucent doors, ders's ghost, novice MiFi
Lair:1 1 runed translucent door, Zonian's ghost, journeyman DjIE


Innate Abilities, Weirdness & Mutations

You are immune to sickness and miasma.
You are immune to poison.
Your flesh is very heat resistant. (rF++)
You are vulnerable to cold. (rC-)
You float through the air rather than walking.
You learn spells naturally, not from books.
Your magical power is your life essence.
You have superior vitality. (+4 MHP)


Message History

The white imp shouts, "Quail, thou frothy idle-headed bloater!"
Something shouts, "Bolt, thou mammering roguish gudgeon!"
Something shouts, "Accept thy fall, thou skyhacking pigeon-egg mule!"
The white imp shouts!
The white imp shouts, "Return whence thou came, thou beslubbering half-faced erk!"
The white imp gestures at you. The puff of frost misses you.
The white imp gestures at you. The puff of frost hits you!
You feel a terrible chill!
Aiming: Throw Flame
Press: ? - help, Shift-Dir - straight line, f - white imp
Aim: a white imp (74% to hit)
The puff of flame hits the white imp!
The white imp is burned terribly!
You kill the white imp!
The white imp gestures at you. The puff of frost hits you!
You feel a terrible chill! The white imp gestures at you.
The puff of frost hits you!
You feel a terrible chill! The white imp gestures at you.
The puff of frost hits you!
You feel a terrible chill!
* * * LOW HITPOINT WARNING * * *
As you read the scroll of fog, it crumbles to dust.
The scroll dissolves into smoke.
As you read the scroll of teleportation, it crumbles to dust.
You feel strangely unstable. The white imp gestures at you.
The puff of frost misses you.
Unknown command.
Aiming: Mindburst
Press: ? - help, Shift-Dir - straight line, f - white imp
Aim: a white imp (black smoke, chance to affect: 87%)
The white imp's mind is blasted!
You blow up the white imp!
The white imp gestures at you. The puff of frost hits you!
You feel a terrible chill!
* * * LOW HITPOINT WARNING * * *
You feel better. The white imp gestures at you. The puff of frost hits you!
You feel a terrible chill!
You die...

......... #
#........ #
#.......... *
#..........
##..5......#
#....5.....#
##5.5......#
#§§§§......#
##@§§......#
#§§§......#
#§§§......# #
#.........##### ##
#.........#.#.###.
##.................
#..................
##.................
#.................


You could see 3 white imps.

Vanquished Creatures
  A two-headed ogre (D:7)
  Erica (D:8)
  A manticore (D:6)
  A black mamba (Lair:1)
  2 cane toads (Lair:1)
  A komodo dragon (Lair:1)
  A polar bear (Lair:1)
  A troll (D:7)
  A hornet (D:8)
  A wyvern (D:8)
  16 yaks
  A wraith (D:7)
  A steam dragon (D:8)
  Menkaure (D:6)
  An acid dragon (D:7)
  4 water moccasins
  A hornet zombie (D:8)
  2 orc warriors
  A black bear (Lair:1)
  2 ice beasts
  2 centaurs
  2 phantoms (D:5)
  A wyvern zombie (D:6)
  2 scorpions
  Dowan (D:6)
  3 killer bees (D:7)
  2 howler monkeys (D:5)
  A centaur zombie (D:7)
  2 jellies
  3 orc priests
  A centaur skeleton (D:7)
  2 gnoll shamans
  3 iguanas (D:6)
  An orc wizard (D:8)
  2 killer bee zombies
  A hound zombie (D:5)
  A hound skeleton (D:5)
  A howler monkey zombie (D:8)
  13 gnolls
  2 howler monkey skeletons
  13 adders
  5 river rats
  12 white imps
  4 dart slugs
  17 orcs
  5 ball pythons
  10 endoplasms
  3 giant cockroaches (Sewer)
  5 goblins
  3 hobgoblins
  5 jackals
  6 kobolds
  6 quokkas
  12 bats
  4 frilled lizards
  4 rats
201 creatures vanquished.

Vanquished Creatures (collateral kills)
  A hydra (D:7)
  Duvessa (D:6)
  An orc (D:6)
  An endoplasm (D:1)
4 creatures vanquished.

Vanquished Creatures (others)
  A fungus (D:1)
  A plant (D:1)
  2 withered plants (Lair:1)
4 creatures vanquished.

Grand Total: 209 creatures vanquished

Notes
Turn   | Place    | Note
-------+----------+-------------------------------------------
     0 | D:1      | Zonian the Djinni Ice Elementalist began the quest for the
                  | Orb.
     0 | D:1      | Reached XP level 1. HP: 15/15 MP: 0/0
  1130 | D:1      | Reached XP level 2. HP: 21/21 MP: 0/0
  1727 | D:1      | Found a faded altar of an unknown god.
  1864 | D:1      | Reached XP level 3. HP: 25/25 MP: 0/0
  1864 | D:1      | Learned a level 1 spell: Sandblast
  2339 | D:2      | Reached skill level 3 in Dodging
  2581 | D:2      | Identified the +1 leather armour "Jecuats" {Str-5 Int+3
                  | Dex+2}
  2749 | D:2      | Reached XP level 4. HP: 30/31 MP: 0/0
  3074 | D:3      | Found a glowing drain.
  3079 | Sewer    | Entered a sewer
  3278 | Sewer    | Reached XP level 5. HP: 35/35 MP: 0/0
  3278 | Sewer    | Learned a level 2 spell: Poisonous Vapours
  4041 | D:3      | Reached XP level 6. HP: 40/40 MP: 0/0
  4198 | D:3      | Reached skill level 4 in Dodging
  4536 | D:4      | Found a broken altar of Ashenzari.
  4544 | D:4      | Became a worshipper of Ashenzari the Shackled
  4996 | D:5      | Entered Level 5 of the Dungeon
  5206 | D:5      | Reached XP level 7. HP: 43/45 MP: 0/0
  5206 | D:5      | Learned a level 2 spell: Corpse Rot
  5503 | D:5      | Reached skill level 5 in Dodging
  6107 | D:5      | Noticed a water moccasin
  6684 | D:5      | Killed a water moccasin
  6685 | D:5      | Reached XP level 8. HP: 50/50 MP: 0/0
  6692 | D:5      | Reached skill level 1 in Maces & Flails
  6743 | D:5      | Found a large runed translucent door.
  6744 | D:5      | Found a large runed translucent door.
  6754 | D:5      | Noticed riojii's ghost (novice DjFE)
  6908 | D:5      | Reached skill level 5 in Spellcasting
  7325 | D:6      | Reached skill level 1 in Short Blades
  7325 | D:6      | Reached skill level 6 in Dodging
  7325 | D:6      | Reached skill level 5 in Stealth
  7560 | D:6      | Noticed Duvessa
  7560 | D:6      | Noticed Dowan
  7567 | D:6      | Killed Duvessa
  7960 | D:6      | Reached * piety under Ashenzari
  8222 | D:6      | Killed Dowan
  8253 | D:6      | Noticed a manticore
  8264 | D:6      | Killed a manticore
  8265 | D:6      | Reached XP level 9. HP: 28/55 MP: 0/0
  8265 | D:6      | Learned a level 3 spell: Stone Arrow
  8367 | D:6      | Reached skill level 7 in Dodging
  8488 | D:6      | Found a runed translucent gate.
  8490 | D:6      | Found a runed translucent gate.
  8491 | D:6      | Found a runed translucent gate.
  8492 | D:6      | Noticed ders's ghost (novice MiFi)
  8559 | D:6      | Found a staircase to the Ecumenical Temple.
  8811 | D:6      | Noticed Menkaure
  8816 | D:6      | Killed Menkaure
  9261 | D:7      | Noticed a six-headed hydra
  9262 | D:7      | Noticed a troll
  9262 | D:7      | Noticed a two-headed ogre
  9264 | D:7      | Noticed a five-headed hydra
 10584 | D:7      | Noticed a two-headed ogre
 10646 | D:7      | Killed a two-headed ogre
 10647 | D:7      | Reached skill level 8 in Dodging
 10647 | D:7      | Reached XP level 10. HP: 30/60 MP: 0/0
 10753 | D:7      | Killed a six-headed hydra
 10767 | D:7      | Reached skill level 5 in Short Blades
 11263 | D:7      | Reached ** piety under Ashenzari
 11778 | D:8      | Reached *** piety under Ashenzari
 11799 | D:8      | Reached skill level 9 in Dodging
 11839 | D:8      | Found Qoefoh's Weapon Boutique.
 11845 | D:8      | Found Senor's Antique Weapon Shoppe.
 12178 | D:8      | Found Fifikin's Magic Scroll Boutique.
 12181 | D:8      | Bought a scroll of teleportation for 39 gold pieces
 12181 | D:8      | Bought a scroll of enchant armour for 97 gold pieces
 12181 | D:8      | Bought a scroll of summoning for 123 gold pieces
 12181 | D:8      | Bought a scroll of teleportation for 39 gold pieces
 12413 | D:8      | Noticed Erica
 12428 | D:8      | Killed Erica
 12429 | D:8      | Reached skill level 1 in Evocations
 12429 | D:8      | Reached XP level 11. HP: 62/65 MP: 0/0
 12429 | D:8      | Learned a level 5 spell: Lee's Rapid Deconstruction
 12625 | D:8      | Found a staircase to the Lair.
 12767 | D:8      | Found Terakkob's Assorted Antiques.
 12771 | D:8      | Bought an encrusted ivory wand for 84 gold pieces
 12771 | D:8      | Bought a wand of acid (4) for 168 gold pieces
 12911 | Lair:1   | Entered Level 1 of the Lair of Beasts
 13201 | Lair:1   | Found a runed translucent door.
 13201 | Lair:1   | Noticed Zonian's ghost (journeyman DjIE)
 13626 | Lair:1   | Found a frozen archway.
 13638 | Lair:1   | Reached skill level 10 in Dodging
 14097 | Lair:1   | HP: 3/65 [white imp/puff of frost (16)]
 14098 | Lair:1   | Killed from afar by a white imp

Illustrated notes

Levels and vault maps discovered:
D:1:      psy_arrival_terrarium, layout_loops_cross,
          shapermc_ecumenical_altar_petra
D:2:      layout_rooms, corner_web_ring
D:3:      layout_basic, gup_sewer_entry_bowl, chequers_serial_rivers_micro_a,
          hex_tiny
D:4:      layout_basic, mainiacjoe_overflow_paths
D:5:      layout_cave_pools, ebering_ghost_disaster_area,
          grunt_decor_mini_mirrors, minmay_fractal_squares_gapless_5
D:6:      layout_loops_corners, lemuel_temple_firewalk_b,
          ebering_ghost_rock_garden, kennysheep_decorative_pillar, uniq_duvessa,
          uniq_menkaure
D:7:      minmay_blocky_corners, layout_basic
D:8:      layout_cave_pods, lair_entry_dummy, serial_shops, kennysheep_mini,
          shop, shop, kennysheep_mini_moat, uniq_erica
Lair:1:   layout_big_grid, gammafunk_ghost_grave, portal_ice_cave_entry_imps,
          st_stairs_12, patterned_corridor

Skill      XL: |  1  2  3  4  5  6  7  8  9 10 11 |
---------------+----------------------------------+-----
Stealth        | 2 3 4 5 6 7 8 |  8.4
Dodging        | 3 4 5 6 8 9 10 | 10.1
Spellcasting   | 4 5 6 7 |  7.7
Maces & Flails | 1 |  1.2
Short Blades   | 2 4 5 6 |  6.6
Evocations     | 1 3 |  3.8

Action                   |  1- 3 |  4- 6 |  7- 9 | 10-12 || total
-------------------------+-------+-------+-------+-------++-------
Melee: Mace              |    52 |    45 |       |       ||    97
       Punch             |     1 |     4 |     4 |     2 ||    11
       Dagger            |       |     3 |       |       ||     3
       Whip              |       |    96 |    83 |       ||   179
       Short sword       |       |       |   128 |   268 ||   396
 Cast: Freeze            |    30 |    52 |    18 |     2 ||   102
       Frozen Ramparts   |       |     3 |    12 |     9 ||    24
       Ozocubu's Armour  |       |     6 |    12 |    14 ||    32
       Sandblast         |       |       |    26 |     3 ||    29
       Poisonous Vapours |       |       |     9 |    11 ||    20
       Stone Arrow       |       |       |       |    16 ||    16
       Hailstorm         |       |       |       |     1 ||     1
Invok: Curse Item        |       |       |     2 |     2 ||     4
Evoke: Wand              |       |       |    10 |    18 ||    28
  Use: Scroll            |     4 |    10 |     5 |     4 ||    23
       Potion            |       |       |     2 |     3 ||     5
 Stab: Sleeping          |     1 |     2 |     3 |    11 ||    17
       Distracted        |       |       |     2 |       ||     2
Armor: Robe              |    17 |    69 |    81 |    63 ||   230
Dodge: Dodged            |    60 |   166 |   238 |   205 ||   669

Table legend: (Time is in decaauts)
 A = Elapsed time spent in this place.
 B = Non-inter-level travel time spent in this place.
 C = Inter-level travel time spent in this place.
 D = Time resting spent in this place.
 E = Time spent auto-exploring this place.
 F = Levels seen in this place.
 G = Mean time per level.
                   A        B        C        D        E       F      G
               +--------+--------+--------+--------+--------+-----+--------+
         Total |  14069 |  13720 |    349 |   6192 |   4029 |  10 | 1406.9 |
       Dungeon |  12316 |  11967 |    349 |   5590 |   3611 |   8 | 1539.5 |
          Lair |    983 |    983 |      0 |    292 |    227 |   1 |  983.0 |
         Sewer |    770 |    770 |      0 |    310 |    191 |   1 |  770.0 |
               +--------+--------+--------+--------+--------+-----+--------+

Top non-repeatable levels by time:
     D:6: 2920 daAuts
     D:1: 2111 daAuts
     D:4: 1708 daAuts
     D:8: 1487 daAuts
     D:7: 1459 daAuts
     D:5: 1104 daAuts
  Lair:1: 983 daAuts
     D:2: 842 daAuts
   Sewer: 770 daAuts
     D:3: 682 daAuts
